 Dungeon Crawl Stone Soup version 0.28.0-53-g5a82cb258f (webtiles) character file.

Game seed: 1277829976345944986

21 ChickenMitten the Shield-Bearer (level 3, 30/30 HPs)
             Began as a Formicid Fighter on July 31, 2022.
             Was an Initiate of Ashenzari.
             Got out of the dungeon alive.
             The game lasted 00:03:43 (782 turns).

ChickenMitten the Shield-Bearer (Formicid Fighter)   Turns: 782, Time: 00:03:44

Health: 30/30      AC:  7    Str: 22    XL:     3   Next: 5%
Magic:  3/3        EV: 13    Int:  7    God:    Ashenzari [......]
Gold:   22         SH:  4    Dex: 10    Spells: 2/2 levels left

rFire   . . .      SeeInvis +   a - +0 war axe
rCold   . . .      Faith    .   c - +0 buckler of Ashenzari's Visionary {Fort, Cun} (curse)
rNeg    . . .      Spirit   .   b - +0 scale mail
rPois   .          Reflect  .   (helmet unavailable)
rElec   .          Harm     .   (no cloak)
rCorr   .          Rampage  .   (no gloves)
Will    .....                   (no boots)
Stlth   ..........              (no amulet)
HPRegen 0.10/turn               l - +4 ring of evasion
MPRegen 0.08/turn               (no ring)

@: no status effects
A: permanent stasis, dig shafts and tunnels, antennae 3, four strong arms
a: Dig, Shaft Self, Renounce Religion, Shatter the Chains


You escaped.
You worshipped Ashenzari.
Ashenzari was noncommittal.
You visited 1 branch of the dungeon, and saw 1 of its levels.

You collected 22 gold pieces.

Inventory:

Hand Weapons
 a - a +0 war axe (weapon)
Armour
 b - a +0 scale mail (worn)
 c - the cursed +0 buckler of Ashenzari's Visionary (worn) {Fort, Cun}

   It has a curse which improves the following skills: Fortitude: Armour and
   Shields.
   Cunning:   Dodging and Stealth.
Jewellery
 l - a +4 ring of evasion (left hand)
Scrolls
 e - a scroll of enchant weapon {unknown}
 f - a scroll of brand weapon {unknown}
 g - 6 scrolls of identify {unknown}
 j - a scroll of amnesia {unknown}
 k - a scroll of enchant armour {unknown}
Potions
 d - a potion of might
 h - a potion of heal wounds {unknown}
 i - 2 potions of haste {unknown}


   Skills:
 * Level 3.7 Fighting
 * Level 2.2 Axes
 * Level 3.6(4.0) Armour
 * Level 3.9(4.3) Shields


You had 2 spell levels left.
You didn't know any spells.
Your spell library was empty.

Dungeon Overview and Level Annotations

Branches:
Dungeon (1/15)

Altars:
Ashenzari


Innate Abilities, Weirdness & Mutations

You cannot be hasted, slowed, berserked, paralysed or teleported.
You can dig through walls and to a lower floor.
You have a pair of large antennae on your head. (SInv)
Your four strong arms can wield two-handed weapons with a shield.


Message History

Increase (S)trength, (I)ntelligence, or (D)exterity?
You feel stronger. x2
A kobold comes into view. It is wielding a +0 whip.
A kobold is nearby!
Found 25 gold pieces.
The kobold shouts!
The kobold throws a stone.
The stone closely misses you. The kobold barely misses you.
You closely miss the kobold. The kobold hits you but does no damage.
You closely miss the kobold. The kobold closely misses you. x2
You closely miss the kobold. The kobold hits you but does no damage.
You slash the kobold!
You kill the kobold!
No target in view!
No target in view!
No target in view!
No target in view!
No target in view!
No target in view!
No target in view!
No target in view!
No target in view!
No target in view!
Things that are here:
a +0 whip; 2 stones; a kobold corpse
l - a +4 ring of evasion
l - a +4 ring of evasion (left hand) Unknown command.
Unknown command.
Unknown command.
Welcome back, ChickenMitten the Formicid Fighter.
Ashenzari says: Partake of my vision.
Partake of my curse.
Press ? for a list of commands and other information.
Unknown command.
Unknown command.
Unknown command.
You see here a +0 dagger.
There is a staircase leading out of the dungeon here.
Are you sure you want to leave the Dungeon?
This will make you lose the game!
You have escaped!

##..##..# #.# #######.###.
##...##..# #.# #.# ##.###.#..#
#.# #.# #####.## ##...####.####
#.#### .....>#
#...........######.#...
.####.#####.#########........#.##
)#####.#.#............########.#
......................# #.#
.#####..........@.....# #.#
.###..................# #.#
.##...................# #.#
............#########.# #.#
###...#...............# #.#
.................#..### #.#
#####.#.รท..........## #.#
#.##.......#.### #.#
##.##.##...##.# #.#


There were no monsters in sight!

Vanquished Creatures
  4 endoplasms (D:1)
  4 goblins (D:1)
  3 hobgoblins (D:1)
  2 ball pythons (D:1)
  2 bats (D:1)
  2 kobolds (D:1)
  A rat (D:1)
18 creatures vanquished.

Notes
Turn   | Place    | Note
-------+----------+-------------------------------------------
     0 | D:1      | ChickenMitten the Formicid Fighter began the quest for the
                  | Orb.
     0 | D:1      | Reached XP level 1. HP: 18/18 MP: 1/1
   260 | D:1      | Reached XP level 2. HP: 24/24 MP: 2/2
   297 | D:1      | Found a faded altar of an unknown god.
   313 | D:1      | Prayed at the altar of an unknown god.
   313 | D:1      | Became a worshipper of Ashenzari the Shackled
   706 | D:1      | Reached XP level 3. HP: 29/29 MP: 3/3
   782 | D:$      | Got out of the dungeon alive.

Illustrated notes

Levels and vault maps discovered:
D:1:      minmay_arrival_semitransparent, layout_loops_ring,
          ebering_ecumenical_altar_box, minmay_misc_feat_four_crosses

Action                   || total
-------------------------++-------
Melee: War axe           ||    57
Invok: Curse Item        ||     1
 Abil: Dig               ||     1
Armor: Scale mail        ||    30
Dodge: Dodged            ||    33
Block: Buckler           ||    14
